 Dungeon Crawl Stone Soup version 0.18.1-50-g88ac8fd (webtiles) character file.

207 Monkfish the Cutter (level 6, -6/58 HPs)
             Began as a Kobold Berserker on Oct 23, 2016.
             Was a Priest of Trog.
             Mangled by Thomus's ghost (8 damage)
             ... on level 4 of the Dungeon.
             The game lasted 00:04:23 (2132 turns).

Monkfish the Cutter (Kobold Berserker)              Turns: 2132, Time: 00:04:24

Health: -6/58      AC:  6    Str: 20    XL:     6   Next: 10%
Magic:  6/6        EV: 15    Int:  5    God:    Trog [***...]
Gold:   122        SH:  0    Dex: 18    Spells: 0 memorised, 5 levels left

rFire  . . .     SeeInvis .     l - +2 dagger (drain)
rCold  . . .     Gourm    .     b - +0 animal skin
rNeg   . . .     Faith    .     (shield restricted)
rPois  .         Spirit   .     (no helmet)
rElec  .         Dismiss  .     (no cloak)
rCorr  .         Reflect  .     (no gloves)
SustAt .         Harm     .     (no boots)
MR     .....                    (no amulet)
Stlth  ..........               (no ring)
                                i - +4 ring of protection

@: berserking (expiring), very quick, not resistant to hostile enchantments,
extremely unstealthy
A: carnivore 3
a: Berserk, Trog's Hand, Burn Spellbooks, Renounce Religion


You were on level 4 of the Dungeon.
You worshipped Trog.
Trog was most pleased with you.
You were very full.

You visited 1 branch of the dungeon, and saw 4 of its levels.

You collected 122 gold pieces.

Inventory:

Hand Weapons
 a - a +0 short sword
 j - a +1 dagger of flaming
 l - a +2 dagger of draining (weapon)
Armour
 b - a +0 animal skin (worn)
Jewellery
 i - a +4 ring of protection (left hand)
Scrolls
 e - a scroll of blinking
 f - 3 scrolls of identify
 g - a scroll of remove curse
Potions
 h - a potion of curing
Comestibles
 c - 4 meat rations
 k - a beef jerky


   Skills:
 + Level 4.5 Fighting
 + Level 5.5 Short Blades
 - Level 1.5 Armour
 - Level 2.4 Dodging
 * Level 5.0 Stealth


You had 5 spell levels left.
You didn't know any spells.

Dungeon Overview and Level Annotations

Branches:
Dungeon (4/15)
 Temple: D:4-7

Altars:
Dithmenos
Elyvilon
Gozag
Kikubaaqudgha
Ru
Zin

Annotations:
D:4 Thomus's ghost, amateur HOFi


Innate Abilities, Weirdness & Mutations

You are small and have problems with some larger weapons.
You are carnivorous and can eat meat at any time.


Message History

Thomus's ghost is heavily damaged.
Thomus's ghost hits you!
* * * LOW HITPOINT WARNING * * *
You hit Thomus's ghost but do no damage.
Thomus's ghost is heavily damaged.
You hit Thomus's ghost but do no damage.
Thomus's ghost is heavily damaged.
Thomus's ghost hits you!
* * * LOW HITPOINT WARNING * * *
You hit Thomus's ghost but do no damage.
Thomus's ghost is heavily damaged.
You hit Thomus's ghost.
Thomus's ghost is severely damaged.
Thomus's ghost barely misses you.
You hit Thomus's ghost.
Thomus's ghost is severely damaged.
You puncture Thomus's ghost!
Thomus's ghost is almost destroyed.
Thomus's ghost hits you!
You die...

...... .....
.... ... ##.###
#....
#####..####.#
#...W@.<....#
#.###.#........
#.......###
.....##.#
##..... #
#...### ....#
##.>.#


You could see Thomus's ghost.

Vanquished Creatures
  The ghost of simples the Chopper, an amateur MiBe of Trog (D:3)
  Robin (D:3)
  2 adders
  An ooze (D:3)
  4 worms (D:2)
  2 dart slugs
  2 giant geckos
  An orc (D:3)
  5 giant cockroaches
  14 goblins
  10 hobgoblins
  4 jackals (D:3)
  A quokka (D:3)
  3 bats
  4 giant newts
  3 kobolds
  7 rats
65 creatures vanquished.

Notes
Turn   | Place    | Note
--------------------------------------------------------------
     0 | D:1      | Monkfish the Kobold Berserker began the quest for the Orb.
     0 | D:1      | Reached XP level 1. HP: 14/14 MP: 1/1
   237 | D:1      | Reached XP level 2. HP: 17/19 MP: 2/2
   370 | D:1      | Reached skill level 1 in Stealth
   632 | D:1      | Gained mutation: Your skin changes colour to match your surroundings (Stealth). [potion of mutation]
   632 | D:1      | Gained mutation: Your magical capacity is low (-10% MP). [potion of mutation]
   632 | D:1      | Gained mutation: You are clumsy. (Dex -2) [potion of mutation]
   685 | D:1      | Reached XP level 3. HP: 14/24 MP: 2/2
   817 | D:2      | Found a sacrificial altar of Ru.
   848 | D:2      | Reached ** piety under Trog
   935 | D:2      | Found a glowing silver altar of Zin.
   936 | D:2      | Found an ancient bone altar of Kikubaaqudgha.
   938 | D:2      | Found an opulent altar of Gozag.
   940 | D:2      | Found a white marble altar of Elyvilon.
   940 | D:2      | Found a shadowy altar of Dithmenos.
   981 | D:2      | Reached XP level 4. HP: 9/29 MP: 3/3
  1266 | D:2      | Reached skill level 5 in Short Blades
  1492 | D:2      | Lost mutation: You are clumsy. (Dex -2) [potion of cure mutation]
  1492 | D:2      | Lost mutation: Your magical capacity is low (-10% MP). [potion of cure mutation]
  1492 | D:2      | Lost mutation: Your skin changes colour to match your surroundings (Stealth). [potion of cure mutation]
  1745 | D:3      | Noticed Robin
  1760 | D:3      | Reached XP level 5. HP: 33/33 MP: 5/5
  1761 | D:3      | Reached *** piety under Trog
  1768 | D:3      | Killed Robin
  1975 | D:3      | Noticed simples's ghost (amateur MiBe)
  1990 | D:3      | Killed simples's ghost
  1990 | D:3      | Reached XP level 6. HP: 33/39 MP: 6/6
  2001 | D:3      | Reached skill level 5 in Stealth
  2114 | D:4      | Noticed Thomus's ghost (amateur HOFi)
  2128 | D:4      | HP: 1/58 [Thomus's ghost (12)]
  2132 | D:4      | Mangled by Thomus's ghost

Skill      XL: |  1  2  3  4  5  6 |
---------------+-------------------+-----
Stealth        | 1 3 4 5 |  5.0
Fighting       | 4 |  4.5
Short Blades   | 5 |  5.5
Armour         | |  1.5
Dodging        | |  2.4

Action                   |  1- 3 |  4- 6 || total
-------------------------+-------+-------++-------
Melee: Short sword       |    56 |       ||    56
       Dagger            |    48 |   107 ||   155
Invok: Berserk           |     1 |     3 ||     4
       Trog's Hand       |       |     1 ||     1
  Use: Scroll            |     5 |     4 ||     9
       Potion            |     2 |     2 ||     4
 Stab: Sleeping          |     3 |     7 ||    10
       Distracted        |       |     1 ||     1
  Eat: Chunk             |     4 |    10 ||    14
Armor: Animal skin       |    14 |    19 ||    33
Dodge: Dodged            |    74 |    52 ||   126
